 Dungeon Crawl Stone Soup version 0.19.5 (webtiles) character file.

4789 miragecloak the Martial Artist (level 10, -7/94 HPs)
             Began as a Naga Transmuter on Apr 13, 2017.
             Was a Priest of Cheibriados.
             Mangled by an orc warrior
             ... wielding a +0 glaive
              (22 damage)
             ... on level 8 of the Dungeon.
             The game lasted 00:25:17 (9505 turns).

miragecloak the Martial Artist (Naga Transmuter)    Turns: 9505, Time: 00:25:18

Health: -7/94      AC:  2    Str: 24    XL:     10   Next: 47%
Magic:  10/14      EV: 24    Int: 22    God:    Cheibriados [***...]
Gold:   524        SH:  0    Dex: 28    Spells: 3 memorised, 6 levels left

rFire  . . .     SeeInvis +       - Unarmed
rCold  . . .     Gourm    .     (armour currently unavailable)
rNeg   . . .     Faith    .     (shield currently unavailable)
rPois  x         Spirit   .     (helmet currently unavailable)
rElec  .         Reflect  .     (cloak currently unavailable)
rCorr  .         Harm     .     (gloves currently unavailable)
MR     +....                    (no barding)
Stlth  ++........               (no amulet)
                                m - +4 ring of strength
                                j - +2 ring of evasion

@: spider-form, very slow
A: see invisible, (deformed body), (poison resistance), (slowness 0), slow
metabolism 1, spit poison 1, AC +3
a: Spit Poison, End Transformation, Bend Time, Temporal Distortion, Renounce
Religion


You were on level 8 of the Dungeon.
You worshipped Cheibriados.
Cheibriados was most pleased with you.
You were not hungry.
You were a venomous arachnid creature.
You visited 2 branches of the dungeon, and saw 9 of its levels.

You collected 524 gold pieces.

Inventory:

Missiles
 a - 133 arrows
 F - 3 throwing nets (quivered)
Armour
 q - a +1 hat (melded)
 I - a +2 robe of magic resistance (melded)
Magical Staves
 B - an uncursed staff of fire
Jewellery
 j - a +2 ring of evasion (left front leg)
 m - a +4 ring of strength (right front leg)
Wands
 t - a wand of random effects (26/48)
Scrolls
 b - a scroll of fog {unknown}
 e - 2 scrolls of fear {unknown}
 f - a scroll of enchant weapon {unknown}
 i - 2 scrolls of magic mapping {unknown}
 u - 5 scrolls of blinking {unknown}
 v - 3 scrolls of teleportation {unknown}
 w - 3 scrolls of remove curse {unknown}
 x - 7 scrolls of identify {unknown}
 z - a scroll of enchant armour {unknown}
 A - 3 scrolls of recharging {unknown}
 C - 2 scrolls of random uselessness {unknown}
 H - a scroll of brand weapon {unknown}
 K - a scroll of immolation {unknown}
Potions
 g - 3 potions of curing
 h - 2 potions of might {unknown}
 k - 2 potions of degeneration {unknown}
 l - 3 potions of cancellation {unknown}
 n - 3 potions of heal wounds
 p - a potion of mutation {unknown}
 s - 3 potions of brilliance {unknown}
 D - a potion of lignification {unknown}
Books
 c - a book of Changes

   Spells                             Type                      Level
   a - Beastly Appendage              Transmutation                1
   b - Sticks to Snakes               Transmutation                2
   c - Spider Form                    Transmutation/Poison         3
   d - Ice Form                       Ice/Transmutation            4
   e - Blade Hands                    Transmutation                5
 y - a book of Changes

   Spells                             Type                      Level
   a - Beastly Appendage              Transmutation                1
   b - Sticks to Snakes               Transmutation                2
   c - Spider Form                    Transmutation/Poison         3
   d - Ice Form                       Ice/Transmutation            4
   e - Blade Hands                    Transmutation                5
 G - a book of Minor Magic

   Spells                             Type                      Level
   a - Magic Dart                     Conjuration                  1
   b - Blink                          Translocation                2
   c - Call Imp                       Summoning                    2
   d - Repel Missiles                 Charms/Air                   2
   e - Slow                           Hexes                        2
   f - Conjure Flame                  Conjuration/Fire             3
   g - Mephitic Cloud                 Conjuration/Poison/Air       3
 J - a book of Necromancy

   Spells                             Type                      Level
   a - Pain                           Necromancy                   1
   b - Animate Skeleton               Necromancy                   1
   c - Vampiric Draining              Necromancy                   3
   d - Regeneration                   Charms/Necromancy            3
   e - Animate Dead                   Necromancy                   4
   f - Control Undead                 Necromancy                   4
Comestibles
 d - 11 bread rations
 o - 3 meat rations
 r - a beef jerky
 E - a slice of pizza


   Skills:
 + Level 7.0 Fighting
 - Level 3.0 Dodging
 + Level 10.6 Unarmed Combat
 - Level 3.0 Spellcasting
 - Level 6.2 Transmutations
 - Level 3.1 Poison Magic
 - Level 4.0 Invocations


You had 6 spell levels left.
You knew the following spells:

 Your Spells              Type           Power        Failure   Level  Hunger
a - Beastly Appendage     Tmut           ####..       6%          1    None
b - Spider Form           Tmut/Pois      ###.......   21%         3    ###....
c - Blade Hands           Tmut           ####......   56%         5    ######.


Dungeon Overview and Level Annotations

Branches:
Dungeon (8/15)             Temple (1/1) D:4
   Lair: D:8-11

Altars:
Ashenzari
Cheibriados
Dithmenos
Fedhas
Gozag
Hepliaklqana
Kikubaaqudgha
Makhleb
Nemelex Xobeh
Okawaru
Qazlal
Ru
Sif Muna
Trog
Uskayaw
Vehumet
Xom
Yredelemnul
Zin
The Shining One

Annotations:
D:2 Robin


Innate Abilities, Weirdness & Mutations

You cannot wear boots.
((Your serpentine skin is tough. (AC +3)))
You have supernaturally acute eyesight. (SInv)
((Armour fits poorly on your strangely shaped body.))
((Your system is resistant to poisons. (rPois)))
((You cover ground very slowly.))
You have a slow metabolism.
You can spit poison.


Message History

You kill the orc priest!
Cheibriados thoroughly appreciates the change of pace.
The orc warrior closely misses you. The troll bites you!
The troll completely misses you. The troll claws you.
The troll completely misses you. x2; The troll claws you.
The troll misses you. x2; The troll closely misses you.
The troll misses you. The troll claws you! The troll closely misses you.
The orc warrior misses you. The troll misses you. The troll claws you!
* * * LOW HITPOINT WARNING * * *
The troll completely misses you. The troll misses you.
The troll closely misses you. x2
The orc warrior closely misses you. The troll bites you!
* * * LOW HITPOINT WARNING * * *
The troll barely misses you. The troll closely misses you.
You warp the flow of time around you!
You feel somewhat more hungry. The orc warrior closely misses you.
The orc warrior hits you from afar with a glaive!!
You die...

......)####..##### #.# ####.##
#....)..........###.####.....<
#......o##..###..........##(#.
#.......##..# ##.##.###...(...
#.......##..####.#......#####.
#.....####o.....#..........###
#.....###..#####.##.######.# #
#.........o##..<........ #.# #
###...#<#.To.s)......... #.# #
.........##.##.##.###.##.# #
..###.....(...##.# ##^# #
#.####.#### .# #.# #. #.# #.#
.##.# .. #.# #.# #.##.. ##.
#.# ##.###.###.# #.# ##...##.#
#.# #.###.....#.# #.#


You could see a troll, an orc warrior and an orc.

Vanquished Creatures
  The ghost of ozymandias0 the Cleaver, a novice MiFi (D:6)
  Joseph (D:8)
  A spriggan (D:7)
  A wyvern (D:7)
  The ghost of nosre the Skirmisher, an amateur FoFi of Okawaru (D:7)
  A hungry ghost (D:8)
  A water moccasin (D:6)
  2 ice beasts
  A black bear (D:7)
  2 necrophages (D:8)
  2 phantoms
  4 ogres
  3 centaurs
  4 bullfrogs
  An elf zombie (D:8)
  A big kobold (D:7)
  3 scorpions
  A wight (D:8)
  A howler monkey (D:5)
  6 crimson imps
  2 human zombies (D:8)
  2 jellies
  4 hounds
  A bullfrog skeleton (D:4)
  A gnoll shaman (D:6)
  4 orc priests
  6 orc wizards
  2 iguanas (D:8)
  Jessica (D:3)
  Ijyb (D:2)
  2 human skeletons (D:8)
  Natasha (thrice) (D:2)
  3 worker ants
  An ogre skeleton (D:8)
  3 hound skeletons
  3 mummies (D:8)
  6 gnolls
  5 adders
  3 oozes
  2 adder skeletons (D:5)
  3 worms
  6 dart slugs
  4 leopard geckos
  22 orcs
  9 bats
  6 giant cockroaches
  8 goblins
  5 hobgoblins
  7 jackals
  16 kobolds
  A quokka (D:8)
  2 ball pythons
  7 frilled lizards
  A quokka skeleton (D:7)
  2 quokka zombies
  13 rats
205 creatures vanquished.

Notes
Turn   | Place    | Note
-------+----------+-------------------------------------------
     0 | D:1      | miragecloak the Naga Transmuter began the quest for the Orb.
     0 | D:1      | Reached XP level 1. HP: 18/18 MP: 3/3
   110 | D:1      | Reached XP level 2. HP: 8/25 MP: 3/5
   607 | D:1      | Reached skill level 4 in Unarmed Combat
   656 | D:1      | Reached XP level 3. HP: 20/31 MP: 4/6
  1201 | D:2      | Learned a level 3 spell: Spider Form
  1235 | D:2      | Noticed Natasha
  1244 | D:2      | Killed Natasha
  1244 | D:2      | Reached XP level 4. HP: 7/38 MP: 5/7
  1442 | D:2      | Noticed Natasha
  1451 | D:2      | Killed Natasha
  2013 | D:2      | Noticed Natasha
  2021 | D:2      | Killed Natasha
  2021 | D:2      | Reached XP level 5. HP: 44/44 MP: 5/8
  2152 | D:2      | Found a blossoming altar of Fedhas.
  2298 | D:2      | Noticed Ijyb
  2305 | D:2      | Killed Ijyb
  2347 | D:2      | Noticed Robin
  2784 | D:3      | Found a shattered altar of Ashenzari.
  3116 | D:3      | Found a sacrificial altar of Ru.
  3219 | D:3      | Noticed Jessica
  3226 | D:3      | Killed Jessica
  3226 | D:3      | Reached XP level 6. HP: 47/51 MP: 5/9
  3596 | D:4      | Noticed a phantom
  3635 | D:4      | Killed a phantom
  3837 | D:4      | Reached XP level 7. HP: 15/63 MP: 2/10
  4073 | D:4      | Found a staircase to the Ecumenical Temple.
  4398 | D:4      | Found a radiant altar of Vehumet.
  4429 | D:4      | Reached skill level 5 in Unarmed Combat
  4600 | Temple   | Entered the Ecumenical Temple
  4722 | Temple   | Became a worshipper of Cheibriados the Contemplative
  4918 | D:5      | Entered Level 5 of the Dungeon
  5013 | D:5      | Reached skill level 6 in Unarmed Combat
  5145 | D:5      | Reached XP level 8. HP: 48/72 MP: 8/11
  5251 | D:5      | Found a bloodstained altar of Trog.
  5297 | D:5      | Reached skill level 7 in Unarmed Combat
  5430 | D:5      | Reached * piety under Cheibriados
  6684 | D:6      | Reached skill level 8 in Unarmed Combat
  7044 | D:6      | Reached ** piety under Cheibriados
  7052 | D:6      | Reached XP level 9. HP: 61/79 MP: 8/12
  7061 | D:6      | Reached skill level 9 in Unarmed Combat
  7201 | D:6      | Reached skill level 5 in Fighting
  7244 | D:6      | Reached skill level 1 in Invocations
  7342 | D:6      | Noticed ozymandias0's ghost (novice MiFi)
  7359 | D:6      | Killed ozymandias0's ghost
  7620 | D:7      | Reached skill level 5 in Transmutations
  7789 | D:7      | Noticed nosre's ghost (amateur FoFi)
  7801 | D:7      | Killed nosre's ghost
  7835 | D:7      | Learned a level 5 spell: Blade Hands
  8056 | D:7      | Reached XP level 10. HP: 82/91 MP: 11/14
  8290 | D:7      | Reached *** piety under Cheibriados
  8408 | D:8      | Noticed Joseph
  8582 | D:8      | Reached skill level 10 in Unarmed Combat
  8828 | D:8      | Found a basalt altar of Yredelemnul.
  9089 | D:8      | Killed Joseph
  9505 | D:8      | Mangled by an orc warrior

Skill      XL: |  1  2  3  4  5  6  7  8  9 10 |
---------------+-------------------------------+-----
Unarmed Combat | 4 6 8 9 10 | 10.6
Poison Magic   | 2 3 |  3.1
Transmutations | 4 6 |  6.2
Fighting       | 3 4 6 7 |  7.0
Dodging        | 3 |  3.0
Invocations    | 4 |  4.0
Spellcasting   | 3 |  3.0

Action                   |  1- 3 |  4- 6 |  7- 9 | 10-12 || total
-------------------------+-------+-------+-------+-------++-------
Melee: Unarmed           |    93 |   190 |   283 |   125 ||   691
       Headbutt          |    11 |     5 |     3 |       ||    19
       Punch             |     1 |     2 |       |       ||     3
       Staff             |       |       |     3 |       ||     3
 Cast: Beastly Appendage |    21 |    17 |     1 |       ||    39
       Spider Form       |       |    13 |    41 |    14 ||    68
Invok: Temporal Distorti |       |       |       |     1 ||     1
 Stab: Distracted        |     1 |       |     1 |       ||     2
       Sleeping          |     1 |       |     3 |     3 ||     7
  Eat: Chunk             |     1 |     9 |    15 |     4 ||    29
       Beef jerky        |       |       |       |     1 ||     1
Armor: Robe              |    21 |    21 |     4 |     1 ||    47
       Skin              |       |     5 |     2 |     5 ||    12
Dodge: Dodged            |    54 |   133 |   255 |   116 ||   558
